 Dungeon Crawl Stone Soup version 0.28.0-43-g3370ac3207 (webtiles) character file.

Game seed: 13600944308840843728

954 pkoi the Conjurer (level 7, -3/49 (50) HPs)
             Began as a White Draconian Fire Elementalist on Mar 10, 2022.
             Engulfed by a cloud of flame (8 damage)
             ... on level 5 of the Dungeon.
             The game lasted 00:08:49 (6742 turns).

pkoi the Conjurer (DrFE)                            Turns: 6742, Time: 00:08:49

HP:   -3/49 (50)    AC: 12    Str: 10    XL:     7   Next: 90%
MP:   9/13          EV: 12    Int: 17    God:
Gold: 258           SH:  0    Dex: 12    Spells: 4/14 levels left

rFire   + . .      SeeInvis .   l - +3 short sword
rCold   + . .      Faith    .   (no shield)
rNeg    . . .      Spirit   .   (armour unavailable)
rPois   .          Reflect  .   (helmet restricted)
rElec   .          Harm     .   q - +0 cloak
rCorr   .          Rampage  .   f - +0 pair of gloves
Will    .....                   (no boots)
Stlth   ++........              (no amulet)
HPRegen 0.16/turn               b - ring of protection from fire
MPRegen 0.13/turn               n - +4 ring of protection

@: studying Fighting, lightly drained
A: breathe frost, AC +6, unfitting armour, cold resistance 1, cold-blooded
a: Breathe Frost


You were on level 5 of the Dungeon.
You visited 1 branch of the dungeon, and saw 5 of its levels.

You collected 258 gold pieces.

Inventory:

Hand Weapons
 c - a +0 whip
 l - a +3 short sword (weapon)
Armour
 f - a +0 pair of gloves (worn)
 q - a +0 cloak (worn)
Jewellery
 b - a ring of protection from fire (left hand)
 n - a +4 ring of protection (right hand)
 o - an amulet of guardian spirit
Scrolls
 d - a scroll of summoning
 k - 3 scrolls of teleportation
Potions
 a - a potion of lignification {unknown}
 h - 2 potions of degeneration {unknown}
 i - a potion of flight
 j - 2 potions of curing {unknown}


   Skills:
 - Level 1.7 Dodging
 - Level 1.7 Stealth
 + Level 4.0 Spellcasting
 * Level 5.5 Conjurations
 + Level 1.8 Hexes
 * Level 5.2 Fire Magic


You had 4 spell levels left.
You knew the following spells:

 Your Spells              Type           Power      Damage    Failure   Level
a - Foxfire               Conj/Fire      84%        2x1d8     1%          1
b - Scorch                Fire           42%        2d7       2%          2
c - Inner Flame           Hex/Fire       15%        N/A       11%         3
d - Flame Wave            Conj/Fire      21%        2d7       17%         4

Your spell library contained the following spells:

 Spells                   Type           Power      Damage    Failure   Level
 Conjure Flame            Conj/Fire      21%        6-21      5%          3
 Sublimation of Blood     Necr           3%         N/A       24%         2
 Wereblood                Tmut           3%         N/A       24%         2
 Summon Hydra             Summ           1%         N/A       100%        7


Dungeon Overview and Level Annotations

Branches:
Dungeon (5/15)
 Temple: D:4-7

Altars:

Shops:
D:1 (   D:2 [


Innate Abilities, Weirdness & Mutations

You can breathe waves of freezing cold which knock back foes.
Your icy white scales are hard. (AC +6)
You cannot fit into any form of body armour.
Your flesh is cold resistant. (rC+)
You are cold-blooded and may be slowed by cold attacks.


Message History

You are no longer poisoned.
You start resting.
Magic restored.
You start resting.
You start resting.
HP restored.
You start waiting.
Done waiting.
You climb downwards.
The wight hits you with a +4 battleaxe.
You feel drained.
A wight comes into view. It is wielding a +0 short sword.
There is a stone staircase leading up, spattered with blood here.
Unknown command.
Casting: Inner Flame (dangerous; 12% risk of failure)
Confirm with . or Enter, or press ? or * to list all spells.
Aiming: Inner Flame (dangerous; 12% risk of failure)
Press: ? - help, Dir - move target, f - wight
Aim: a wight, wielding a +4 battleaxe and wearing a +0 robe (chance to affect: 67%)
The wight is filled with an inner flame.
The wight hits you with a +4 battleaxe.
* * * LOW HITPOINT WARNING * * *
You feel drained.
* * * LOW HITPOINT WARNING * * *
You closely miss the wight. The wight closely misses you.
The wight barely misses you.
You hit the wight.
Flame seeps out of the wight.
The wight is lightly damaged.
The wight is engulfed in blazing flames.
Flame seeps out of the wight.
The wight hits you with a +4 battleaxe.
* * * LOW HITPOINT WARNING * * *
You hit the wight.
The wight explodes!
The fiery explosion engulfs the wight!!!
You destroy the wight!
The fiery explosion engulfs you!! You resist.
* * * LOW HITPOINT WARNING * * *
You are engulfed in blazing flames.
You resist.
* * * LOW HITPOINT WARNING * * *
Your Spellcasting skill increases to level 4!
You are engulfed in blazing flames.
You resist.
You die...

+########
.........
#.....#
#..§§#
#°# #@#
#.# #.#
#.# #.#
... #..
...


There were no monsters in sight!

Vanquished Creatures
  A necrophage (D:3)
  A phantom (D:4)
  Blork the orc (D:4)
  2 scorpions
  2 bullfrogs (D:4)
  3 wights (D:5)
  A centaur zombie (D:4)
  2 hounds (D:3)
  2 jellies (D:4)
  An iguana (D:4)
  An orc wizard (D:4)
  A hound skeleton (D:4)
  4 adders
  An adder skeleton (D:2)
  2 worms
  A dart slug (D:2)
  12 orcs
  A bat skeleton (D:2)
  5 endoplasms
  4 giant cockroaches
  8 goblins
  12 hobgoblins
  2 jackals (D:4)
  3 quokkas
  6 ball pythons
  A ball python zombie (D:2)
  3 bats (D:1)
  3 frilled lizards
  9 kobolds
  2 rats (D:1)
97 creatures vanquished.

Vanquished Creatures (collateral kills)
  2 orcs (D:4)
2 creatures vanquished.

Vanquished Creatures (others)
  200 foxfires
200 creatures vanquished.

Grand Total: 299 creatures vanquished

Notes
Turn   | Place    | Note
-------+----------+-------------------------------------------
     0 | D:1      | pkoi the Draconian Fire Elementalist began the quest for
                  | the Orb.
     0 | D:1      | Reached XP level 1. HP: 14/14 MP: 3/3
   179 | D:1      | Found a faded altar of an unknown god.
   518 | D:1      | Reached XP level 2. HP: 20/20 MP: 1/5
   966 | D:1      | Found Vusote's Weapon Boutique.
   979 | D:1      | Reached XP level 3. HP: 20/26 MP: 4/6
  1329 | D:2      | Learned a level 2 spell: Scorch
  1631 | D:2      | Found Yhoarph's Antique Armour Boutique.
  1963 | D:2      | You fall into a shaft and drop 2 floors!
  1963 | D:4      | Noticed a necrophage
  2420 | D:2      | Reached XP level 4. HP: 30/33 MP: 1/7
  3634 | D:3      | Killed a necrophage
  3635 | D:3      | Reached XP level 5. HP: 32/38 MP: 0/9
  4430 | D:4      | Reached skill level 5 in Fire Magic
  4430 | D:4      | Reached XP level 6. HP: 30/45 MP: 6/10
  4899 | D:3      | Learned a level 3 spell: Inner Flame
  5109 | D:4      | Noticed Blork the orc
  5119 | D:4      | Killed Blork the orc
  5307 | D:4      | Your scales start taking on an icy white colour.
  5307 | D:4      | Reached XP level 7. HP: 50/50 MP: 1/12
  5307 | D:4      | Gained mutation: Your flesh is cold resistant. (rC+) [White
                  | Draconian growth]
  5643 | D:4      | Learned a level 4 spell: Flame Wave
  5758 | D:4      | Reached skill level 1 in Hexes
  5800 | D:4      | Reached skill level 5 in Conjurations
  6362 | D:5      | Entered Level 5 of the Dungeon
  6371 | D:5      | Reached skill level 5 in Fire Magic
  6742 | D:5      | Engulfed by a cloud of flame

Illustrated notes

Levels and vault maps discovered:
D:1:      elethiomel_arrival_maze, layout_rooms, shapermc_ecumenical_altar_venn,
          serial_shops, nicolae_shop_bloodbath_and_beyond, chequers_jeans
D:2:      layout_rooms, serial_undead, serial_undead_f, serial_undead_a,
          serial_undead_b, serial_undead_e, serial_shops,
          nicolae_shop_temple_entry_statues_fountains
D:3:      layout_basic
D:4:      layout_cave_pools, minmay_manual_mail, uniq_blork_the_orc
D:5:      layout_loops_ring, kennysheep_mini_moat, kennysheep_small_spiral,
          kennysheep_generic_room_15

Skill      XL: |  1  2  3  4  5  6  7 |
---------------+----------------------+-----
Conjurations   | 2 3 4 5 |  5.5
Fire Magic     | 4 5 4 5 |  5.2
Spellcasting   | 3 4 |  4.0
Hexes          | 1 |  1.8
Dodging        | |  1.7
Stealth        | |  1.7

Action                   |  1- 3 |  4- 6 |  7- 9 || total
-------------------------+-------+-------+-------++-------
Melee: Whip              |    29 |     1 |       ||    30
       Unarmed           |     1 |       |       ||     1
       Tailslap          |     6 |     6 |     2 ||    14
       Punch             |     1 |       |       ||     1
       Short sword       |       |    32 |    12 ||    44
 Cast: Foxfire           |    68 |    44 |     1 ||   113
       Scorch            |     6 |    33 |    22 ||    61
       Inner Flame       |       |       |     2 ||     2
 Abil: Breathe Frost     |       |       |     1 ||     1
  Use: Scroll            |       |       |     6 ||     6
Armor: Skin              |    16 |    27 |     9 ||    52
Dodge: Dodged            |    26 |    68 |    18 ||   112
